 Dungeon Crawl Stone Soup version 0.29.0-13-gc9e81de378 (webtiles) character file.

Game seed: 12200726577062025468

903 howech the Chopper (level 7, -2/61 HPs)
             Began as a Minotaur Berserker on Sept 10, 2022.
             Was a Priest of Trog.
             Slain by an iguana (10 damage)
             ... on level 5 of the Dungeon.
             The game lasted 00:09:12 (4676 turns).

howech the Chopper (Minotaur Berserker)             Turns: 4676, Time: 00:09:12

Health: -2/61      AC: 14    Str: 24    XL:     7   Next: 80%
Magic:  6/6        EV:  9    Int:  4    God:    Trog [***...]
Gold:   210        SH:  0    Dex:  9    Spells: 6/6 levels left

rFire   . . .      SeeInvis .   a - +0 hand axe
rCold   . . .      Faith    .   (no shield)
rNeg    . . .      Spirit   .   t - +0 chain mail
rPois   +          Reflect  .   (helmet restricted)
rElec   .          Harm     .   k - +2 cloak {rPois}
rCorr   .          Rampage  .   s - +0 pair of gloves
Will    .....                   (no boots)
Stlth   ..........              (no amulet)
HPRegen 0.20/turn               (no ring)
MPRegen 0.10/turn               (no ring)

@: no status effects
A: horns 2, retaliatory headbutt
a: Renounce Religion, Berserk, Trog's Hand


You were on level 5 of the Dungeon.
You worshipped Trog.
Trog was most pleased with you.
You visited 1 branch of the dungeon, and saw 5 of its levels.

You collected 210 gold pieces.

Inventory:

Hand Weapons
 a - a +0 hand axe (weapon)
Missiles
 o - 3 poisoned darts (quivered)
Armour
 b - a +0 animal skin
 k - a +2 cloak of poison resistance (worn)
 s - a +0 pair of gloves (worn)
 t - a +0 chain mail (worn)
Jewellery
 c - an amulet of the acrobat
Wands
 p - a wand of iceblast (6)
Scrolls
 d - 2 scrolls of silence {unknown}
 e - 8 scrolls of identify {unknown}
 g - a scroll of immolation {unknown}
 h - a scroll of noise {unknown}
 j - 2 scrolls of summoning {unknown}
 l - a scroll of teleportation {unknown}
 n - a scroll of magic mapping {unknown}
 q - 2 scrolls of poison {unknown}
 v - a scroll of amnesia {unknown}
Potions
 f - 5 potions of curing {unknown}
 i - a potion of attraction {unknown}
 m - a potion of degeneration {unknown}
 r - 2 potions of lignification {unknown}
 u - a potion of resistance {unknown}


   Skills:
 + Level 5.3 Fighting
 * Level 6.8 Axes
 + Level 2.9 Throwing
 + Level 4.7 Armour
 + Level 4.2 Dodging
 + Level 2.7 Evocations


You had 6 spell levels left.
You didn't know any spells.
Your spell library was empty.

Dungeon Overview and Level Annotations

Branches:
Dungeon (5/15)
 Temple: D:4-7

Altars:
Wu Jian
Zin

Annotations:
D:3 2 transporters, gelatine's ghost, amateur BaIE


Innate Abilities, Weirdness & Mutations

You have a pair of horns on your head.
You reflexively headbutt those who attack you in melee.


Message History

Throw: 7 darts (poison)
Press: ? - help, Q - select action, (/) - cycle Shift-Dir - straight line, f - iguana
Aim: an iguana (wandering, hasn't noticed you, 61% to hit)
You throw a poisoned dart. The poisoned dart hits the iguana.
The iguana is poisoned.
The iguana hisses angrily.
Throw: 6 darts (poison)
Press: ? - help, Q - select action, (/) - cycle Shift-Dir - straight line, f/p - iguana
Aim: an iguana (poisoned, 61% to hit)
You throw a poisoned dart. The poisoned dart hits the iguana.
Unknown command.
Throw: 5 darts (poison)
Press: ? - help, Q - select action, (/) - cycle Shift-Dir - straight line, f/p - iguana
Aim: an iguana (poisoned, 61% to hit)
You throw a poisoned dart. The poisoned dart hits the iguana.
The iguana looks even sicker.
Unknown command.
Throw: 4 darts (poison)
Press: ? - help, Q - select action, (/) - cycle Shift-Dir - straight line, f/p - iguana
Aim: an iguana (lightly wounded, very poisoned, 61% to hit)
You throw a poisoned dart.
The poisoned dart closely misses the iguana.
Unknown command.
You closely miss the iguana.
The iguana is moderately wounded.
The iguana bites you.
You barely miss the iguana.
The iguana is moderately wounded.
The iguana bites you.
You closely miss the iguana. Your headbutt misses the iguana.
The iguana is moderately wounded.
The iguana bites you!
* * * LOW HITPOINT WARNING * * *
You hit the iguana.
The iguana is severely wounded.
The iguana closely misses you.
You hit the iguana but do no damage.
The iguana is severely wounded.
The iguana bites you!
You die...

.>..... #..... #..... .!..
#.#.# # ... #.#.# #.#.#
#.#.# .
####(#.#####+#######.#.##.
#.(...(.l@..............#.
#...##.###.............##.
#. #.#...............##.
#...##)#†##............##.
........).##............##.
..........##...........†.†.
........#.##...........###.
#.......#.##...........# #.
##..#####.##...........# ##


You could see an iguana (poisoned).

Vanquished Creatures
  A water moccasin (D:5)
  2 black bears
  A phantom (D:4)
  A jelly (D:5)
  2 hounds
  2 orc priests
  Jessica (D:2)
  An iguana (D:5)
  Ijyb (D:3)
  Terence (D:2)
  Natasha (twice) (D:2)
  3 orc wizards
  2 adders (D:3)
  A white imp (D:5)
  2 worms
  10 dart slugs
  15 orcs
  7 ball pythons
  9 endoplasms
  2 giant cockroaches (D:4)
  19 goblins
  6 hobgoblins
  3 jackals (D:5)
  7 kobolds
  6 quokkas
  4 bats
  A frilled lizard (D:1)
  11 rats
123 creatures vanquished.

Notes
Turn   | Place    | Note
-------+----------+-------------------------------------------
     0 | D:1      | howech the Minotaur Berserker began the quest for the Orb.
     0 | D:1      | Reached XP level 1. HP: 19/19 MP: 0/0
   529 | D:1      | Reached XP level 2. HP: 24/27 MP: 1/1
   817 | D:1      | Reached skill level 4 in Axes
  1534 | D:2      | Reached XP level 3. HP: 33/33 MP: 2/2
  1537 | D:2      | Noticed Terence
  1542 | D:2      | Killed Terence
  1655 | D:2      | Noticed Jessica
  1664 | D:2      | Reached ** piety under Trog
  1667 | D:2      | Killed Jessica
  1668 | D:2      | Reached skill level 1 in Evocations
  1668 | D:2      | Reached XP level 4. HP: 13/40 MP: 3/3
  2039 | D:2      | Noticed Natasha
  2044 | D:2      | Killed Natasha
  2045 | D:2      | Reached skill level 1 in Throwing
  2053 | D:2      | Found an ornate altar of the Wu Jian Council.
  2124 | D:2      | Found a faded altar of an unknown god.
  2176 | D:2      | Noticed Natasha
  2182 | D:2      | Killed Natasha
  2183 | D:2      | Reached XP level 5. HP: 38/46 MP: 4/4
  2453 | D:3      | Found a transporter.
  2575 | D:3      | Found a transporter.
  2584 | D:3      | Noticed gelatine's ghost (amateur BaIE)
  2635 | D:3      | Reached skill level 5 in Axes
  3005 | D:3      | Noticed Ijyb
  3019 | D:3      | Killed Ijyb
  3212 | D:3      | Reached XP level 6. HP: 53/53 MP: 5/5
  3382 | D:4      | Reached *** piety under Trog
  3841 | D:4      | Found a glowing silver altar of Zin.
  4135 | D:4      | Reached XP level 7. HP: 55/60 MP: 6/6
  4279 | D:5      | Entered Level 5 of the Dungeon
  4287 | D:5      | Reached skill level 5 in Fighting
  4287 | D:5      | Reached skill level 6 in Axes
  4676 | D:5      | Slain by an iguana

Illustrated notes

Levels and vault maps discovered:
D:1:      denvon_arrival_planthouse, layout_basic
D:2:      layout_loops_ring, ebering_ecumenical_altar_mist, basic_altar,
          uniq_terence, uniq_jessica, uniq_natasha
D:3:      kennysheep_the_goblin_king, layout_basic, gammafunk_ghost_mausoleum
D:4:      layout_loops_ring, zin_treasury
D:5:      kennysheep_slugbush, layout_basic,
          chequers_temple_overflow_minitemple,
          lemuel_mausoleum_altar_yredelemnul, serial_curves, eino_curves_01,
          eino_curves_01

Skill      XL: |  1  2  3  4  5  6  7 |
---------------+----------------------+-----
Axes           | 4 5 6 |  6.8
Fighting       | 4 5 |  5.3
Armour         | 3 4 |  4.7
Evocations     | 1 2 |  2.7
Throwing       | 1 2 |  2.9
Dodging        | 3 4 |  4.2

Action                   |  1- 3 |  4- 6 |  7- 9 || total
-------------------------+-------+-------+-------++-------
Melee: Hand axe          |    65 |   136 |    85 ||   286
       Headbutt          |    14 |    26 |    21 ||    61
       Punch             |       |     1 |     3 ||     4
Throw: Dart              |       |     1 |     4 ||     5
Invok: Trog's Hand       |       |     4 |     1 ||     5
       Berserk           |       |     2 |       ||     2
 Stab: Sleeping          |     1 |     1 |       ||     2
Armor: Animal skin       |     9 |    31 |       ||    40
       Chain mail        |       |     3 |    54 ||    57
Dodge: Dodged            |    36 |    92 |    35 ||   163
